2734 views
Uploaded 2020-02-27 19:57:20
Game version 1.32.2
19:42 long 1on1 ladder game on (2)ConcealedHill
Saved by BEARAND
2734 views
Uploaded 2020-02-27 19:57:20
Game version 1.32.2
19:42 long 1on1 ladder game on (2)ConcealedHill

/ 1.4k
29 buildings @ 2.2k
/ 0.9k

| Peasant | 10 | 750 | / | 0 |
| Rifleman | 12 | 2460 | / | 360 |
| Siege Engine | 11 | 2145 | / | 660 |
| Mortar Team | 5 | 900 | / | 350 |
| total: | 38 | 6255g | / | 1370w |
| Scout Tower | 11 | 330 | / | 220 |
| Guard Tower | 10 | 700 | / | 500 |
| Arcane Tower | 1 | 70 | / | 50 |
| Altar of Kings | 1 | 180 | / | 50 |
| Farm | 12 | 960 | / | 240 |
| Lumber Mill | 1 | 120 | / | 0 |
| Barracks | 1 | 160 | / | 60 |
| Blacksmith | 1 | 140 | / | 60 |
| Cannon Tower | 1 | 120 | / | 100 |
| Workshop | 2 | 280 | / | 280 |
| Keep | 1 | 320 | / | 210 |
| Castle | 1 | 360 | / | 210 |
| total: | 29 | 2170g | / | 910w |
| 0:03 | Peasant |
| 0:03 | Peasant |
| 0:03 | Peasant |
| 0:10 | Altar of Kings |
| 0:41 | Farm |
| 0:46 | Peasant |
| 0:58 | Lumber Mill |
| 0:59 | Peasant |
| 1:30 | Peasant |
| 1:48 | Peasant |
| 1:56 | Barracks |
| 2:29 | Peasant |
| 2:33 | Farm |
| 2:49 | Summon Water Elemental |
| 2:57 | Keep |
| 3:06 | Blacksmith |
| 3:12 | Farm |
| 4:16 | Scout Tower |
| 4:27 | Rifleman |
| 4:29 | Farm |
| 4:44 | Guard Tower |
| 4:46 | Scout Tower |
| 4:57 | Rifleman |
| 5:06 | Rifleman |
| 5:06 | Rifleman |
| 5:09 | Rifleman |
| 5:12 | Farm |
| 5:14 | Arcane Tower |
| 5:15 | Scout Tower |
| 5:20 | Castle |
| 5:30 | Improved Lumber Harvesting |
| 5:44 | Guard Tower |
| 5:48 | Farm |
| 5:54 | Farm |
| 6:27 | Workshop |
| 6:41 | Scout Tower |
| 7:23 | Workshop |
| 7:26 | Farm |
| 7:49 | Guard Tower |
| 7:55 | Scout Tower |
| 8:11 | Farm |
| 8:26 | Siege Engine |
| 8:34 | Peasant |
| 8:42 | Guard Tower |
| 8:52 | Rifleman |
| 8:55 | Siege Engine |
| 9:24 | Peasant |
| 9:29 | Farm |
| 9:39 | Siege Engine |
| 9:59 | Siege Engine |
| 10:04 | Black Gunpowder |
| 10:11 | Farm |
| 10:29 | Siege Engine |
| 10:45 | Siege Engine |
| 10:49 | Farm |
| 10:56 | Scout Tower |
| 11:24 | Siege Engine |
| 11:35 | Siege Engine |
| 11:57 | Cannon Tower |
| 12:01 | Scout Tower |
| 12:04 | Guard Tower |
| 12:16 | Brilliance Aura |
| 12:32 | Siege Engine |
| 12:41 | Siege Engine |
| 12:52 | Studded Leather Armor |
| 13:11 | Siege Engine |
| 15:00 | Guard Tower |
| 15:02 | Scout Tower |
| 15:07 | Rifleman |
| 15:23 | Scout Tower |
| 15:31 | Mortar Team |
| 15:32 | Mortar Team |
| 16:03 | Fragmentation Shards |
| 16:07 | Mortar Team |
| 16:11 | Guard Tower |
| 16:15 | Scout Tower |
| 16:17 | Guard Tower |
| 16:31 | Rifleman |
| 16:45 | Mortar Team |
| 16:46 | Mortar Team |
| 16:55 | Guard Tower |
| 16:58 | Scout Tower |
| 17:00 | Rifleman |
| 17:32 | Rifleman |
| 17:40 | Rifleman |
| 17:43 | Guard Tower |
| 17:58 | Long Rifles |
| 18:28 | Rifleman |
| 19:12 | Summon Water Elemental |
| Right click | 511 |
| Select | 353 |
| Select group | 75 |
| Build/train/purchase | 67 |
| Assign group | 28 |
| Chat | 5 |
| Misc. action | 2 |
| Remove unit | 2 |
| Use ability | 1 |
18 units @ 2k
/ 0.2k
72 buildings @ 3.5k
/ 1.9k



| Scroll of Regeneration | 2 | 200 |
| Potion of Healing | 2 | 300 |
| Staff of Sanctuary | 3 | 750 |
| Orb of Fire | 2 | 650 |
| Staff of Teleportation | 3 | 450 |
| Boots of Speed | 3 | 750 |
| total: | 15 | 3100g |
| Peasant | 14 | 1050 | / | 0 |
| Priest | 1 | 135 | / | 10 |
| Sorceress | 1 | 155 | / | 20 |
| Goblin Shredder | 1 | 375 | / | 100 |
| Goblin Zeppelin | 1 | 240 | / | 60 |
| total: | 18 | 1955g | / | 190w |
| Scout Tower | 60 | 1800 | / | 1200 |
| Arcane Tower | 6 | 420 | / | 300 |
| Guard Tower | 29 | 2030 | / | 1450 |
| Altar of Kings | 1 | 180 | / | 50 |
| Farm | 4 | 320 | / | 80 |
| Lumber Mill | 1 | 120 | / | 0 |
| Arcane Vault | 2 | 260 | / | 60 |
| Town Hall | 1 | 385 | / | 205 |
| Blacksmith | 1 | 140 | / | 60 |
| Barracks | 1 | 160 | / | 60 |
| Arcane Sanctum | 1 | 150 | / | 140 |
| Keep | 1 | 320 | / | 210 |
| Castle | 2 | 720 | / | 420 |
| total: | 72 | 3515g | / | 1855w |
| 0:01 | Peasant |
| 0:01 | Peasant |
| 0:09 | Altar of Kings |
| 0:18 | Farm |
| 0:20 | Peasant |
| 0:34 | Peasant |
| 0:44 | Farm |
| 0:48 | Scout Tower |
| 0:51 | Lumber Mill |
| 0:51 | Peasant |
| 0:57 | Peasant |
| 1:07 | Peasant |
| 1:21 | Arcane Vault |
| 1:37 | Arcane Tower |
| 1:42 | Scout Tower |
| 1:44 | Peasant |
| 1:49 | Peasant |
| 2:04 | Peasant |
| 2:08 | Blizzard |
| 2:29 | Guard Tower |
| 2:36 | Scout Tower |
| 2:36 | Scout Tower |
| 2:57 | Peasant |
| 2:57 | Peasant |
| 2:58 | Peasant |
| 3:00 | Scout Tower |
| 3:23 | Brilliance Aura |
| 3:24 | Peasant |
| 3:25 | Guard Tower |
| 3:36 | Guard Tower |
| 3:44 | Scroll of Regeneration |
| 3:57 | Guard Tower |
| 4:29 | Blizzard |
| 4:33 | Town Hall |
| 4:45 | Keep |
| 5:01 | Staff of Teleportation |
| 5:01 | Boots of Speed |
| 5:14 | Scout Tower |
| 5:15 | Scout Tower |
| 5:16 | Scout Tower |
| 5:17 | Scout Tower |
| 5:18 | Scout Tower |
| 5:18 | Scout Tower |
| 5:19 | Scout Tower |
| 5:20 | Scout Tower |
| 5:43 | Arcane Tower |
| 5:44 | Guard Tower |
| 6:19 | Improved Masonry |
| 6:19 | Guard Tower |
| 6:33 | Scroll of Regeneration |
| 6:46 | Guard Tower |
| 6:53 | Guard Tower |
| 7:04 | Guard Tower |
| 7:13 | Improved Lumber Harvesting |
| 7:49 | Guard Tower |
| 7:58 | Arcane Vault |
| 8:01 | Scout Tower |
| 8:02 | Scout Tower |
| 8:02 | Scout Tower |
| 8:03 | Scout Tower |
| 8:04 | Scout Tower |
| 8:04 | Scout Tower |
| 8:05 | Scout Tower |
| 8:05 | Scout Tower |
| 8:13 | Scout Tower |
| 8:14 | Scout Tower |
| 8:14 | Scout Tower |
| 8:15 | Scout Tower |
| 8:15 | Scout Tower |
| 8:16 | Scout Tower |
| 8:16 | Scout Tower |
| 8:27 | Storm Bolt |
| 8:29 | Potion of Healing |
| 8:29 | Potion of Healing |
| 9:14 | Goblin Shredder |
| 9:24 | Goblin Zeppelin |
| 10:02 | Castle |
| 10:12 | Boots of Speed |
| 10:12 | Staff of Teleportation |
| 10:27 | Bash |
| 10:52 | Guard Tower |
| 10:52 | Guard Tower |
| 10:52 | Guard Tower |
| 10:53 | Guard Tower |
| 11:21 | Brilliance Aura |
| 11:49 | Guard Tower |
| 11:49 | Guard Tower |
| 11:55 | Arcane Tower |
| 11:55 | Guard Tower |
| 12:20 | Scout Tower |
| 12:21 | Scout Tower |
| 12:21 | Scout Tower |
| 12:22 | Scout Tower |
| 12:23 | Advanced Masonry |
| 12:28 | Farm |
| 12:57 | Arcane Sanctum |
| 12:59 | Blacksmith |
| 13:00 | Barracks |
| 13:02 | Farm |
| 13:17 | Arcane Tower |
| 13:17 | Guard Tower |
| 13:49 | Staff of Sanctuary |
| 13:53 | Holy Light |
| 14:05 | Storm Bolt |
| 14:11 | Orb of Fire |
| 15:13 | Magic Sentry |
| 15:14 | Priest |
| 15:15 | Guard Tower |
| 15:21 | Scout Tower |
| 15:21 | Scout Tower |
| 15:22 | Scout Tower |
| 15:22 | Scout Tower |
| 15:23 | Scout Tower |
| 15:23 | Scout Tower |
| 15:26 | Staff of Sanctuary |
| 15:34 | Orb of Fire |
| 15:57 | Staff of Sanctuary |
| 16:14 | Staff of Teleportation |
| 16:14 | Boots of Speed |
| 16:26 | Guard Tower |
| 16:27 | Imbued Masonry |
| 16:29 | Priest Adept Training |
| 16:29 | Sorceress Adept Training |
| 16:30 | Sorceress |
| 16:31 | Animal War Training |
| 16:31 | Iron Forged Swords |
| 16:31 | Studded Leather Armor |
| 17:08 | Scout Tower |
| 17:09 | Scout Tower |
| 17:09 | Scout Tower |
| 17:10 | Scout Tower |
| 17:11 | Scout Tower |
| 17:11 | Guard Tower |
| 17:13 | Guard Tower |
| 17:17 | Scout Tower |
| 17:17 | Scout Tower |
| 17:18 | Scout Tower |
| 17:18 | Scout Tower |
| 17:19 | Scout Tower |
| 17:38 | Divine Shield |
| 17:50 | Scout Tower |
| 17:51 | Scout Tower |
| 17:51 | Scout Tower |
| 17:51 | Scout Tower |
| 17:52 | Scout Tower |
| 17:52 | Scout Tower |
| 17:53 | Scout Tower |
| 17:53 | Scout Tower |
| 17:54 | Scout Tower |
| 17:54 | Scout Tower |
| 17:56 | Scout Tower |
| 17:56 | Scout Tower |
| Right click | 1816 |
| Select | 560 |
| Select group | 214 |
| Build/train/purchase | 154 |
| Use ability | 57 |
| Misc. action | 40 |
| Chat | 25 |
| Assign group | 20 |
| Item give/drop | 13 |